 Dungeon Crawl Stone Soup version 0.31-a0-145-g046c7d2549 (webtiles) character file.

Game seed: 7287751870100484573

218 qw the Shooter (level 5, -2/47 HPs)
             Began as a Minotaur Hunter on June 7, 2023.
             Slain by Pikel
             ... wielding a +0 whip of electrocution
              (9 damage)
             ... on level 3 of the Dungeon.
             The game lasted 00:00:50 (2231 turns).

qw the Shooter (Minotaur Hunter)                    Turns: 2231, Time: 00:00:51

Health: -2/47      AC: 10    Str: 15 (16) XL:     5   Next: 63%
Magic:  4/4        EV: 11    Int:  6      God:
Gold:   103        SH:  0    Dex: 13 (15) Spells: 4/4 levels left

rFire   . . .        Y - +1 shortbow (flame)
rCold   . . .        (shield currently unavailable)
rNeg    . . .        f - +0 ring mail
rPois   .            e - +2 hat
rElec   .            g - +0 cloak
rCorr   .            n - +0 pair of gloves
SInv    .            m - +0 pair of boots
Will    .....        (no amulet)
Stlth   +            o - +4 ring of slaying {mikee}
HPRegen 0.27/turn    (no ring)
MPRegen 0.09/turn

%: no passive effects
@: no status effects
A: horns 2, retaliatory headbutt
a: no special abilities


You were on level 3 of the Dungeon.
You visited 1 branch of the dungeon, and saw 4 of its levels.

You collected 103 gold pieces.


Innate Abilities, Weirdness & Mutations

You have a pair of horns on your head.
You reflexively headbutt those who attack you in melee.


   Skills:
 - Level 4.7 Fighting
 + Level 6.0 Ranged Weapons
 - Level 2.6 Armour
 - Level 2.1 Dodging
 - Level 0.7 Stealth


You had 4 spell levels left.
You didn't know any spells.
Your spell library was empty.

Inventory:

Hand Weapons
 Y - a +1 shortbow of flaming (weapon)
Armour
 e - a +2 hat (worn)
 f - a +0 ring mail (worn)
 g - a +0 cloak (worn)
 m - a +0 pair of boots (worn)
 n - a +0 pair of gloves (worn)
Jewellery
 k - a ring of fire
 l - a ring of ice
 o - a +4 ring of slaying (left hand) {mikee}
Potions
 c - a potion of cancellation {unknown}
 d - a potion of curing
 h - a potion of mutation {unknown}
 i - a potion of lignification {unknown}
 j - a potion of heal wounds
 q - a potion of enlightenment {unknown}

Dungeon Overview and Level Annotations

Branches:
Dungeon (4/15)
 Temple: D:4-7

Altars:

Annotations:
D:3 Ijyb, Pikel


Message History

The lemure is severely wounded.
The lemure barely misses you. Ijyb hits you but does no damage.
Pikel hits you but does no damage.
You are electrocuted!
The lemure hits you but does no damage. x2
2228 ||| STAIRDANCE Ijyb closely misses you.
The lemure barely misses you. You furiously retaliate!
You headbutt the lemure!
You kill the lemure!
That felt strangely unrewarding.
Pikel hits you with a +0 whip of electrocution.
You are electrocuted!
The lemure closely misses you. You furiously retaliate!
You headbutt the lemure. The lemure hits you.
You climb upwards.
There is a stone staircase leading down here.
Enter note:
Enter note:
Enter note:
Enter note:
Enter note:
Enter note:
Enter note:
Enter note:
Enter note:
Enter note:
Enter note:
Enter note: You shoot an arrow.
The arrow hits Ijyb.
The arrow burns Ijyb.
Ijyb is moderately wounded.
The lemure hits you but does no damage. x2; Pikel misses you.
Ijyb hits you with a +0 dagger.
You shoot an arrow. The arrow hits Ijyb but does no damage.
Ijyb is moderately wounded.
The lemure hits you but does no damage. The lemure closely misses you.
Ijyb misses you.
Pikel hits you with a +0 whip of electrocution.
The lemure hits you but does no damage. Ijyb hits you but does no damage.
The lemure hits you.
Pikel hits you with a +0 whip of electrocution.
You are electrocuted!
You die...

....##....#.........#
#....#####
#...#####....######.#
#....# ...### #...#.##
#.# #.)[.# .....#
#...#..# #.# ##...#
####.# #...##.###
#.###....# #.#
#...##...###........#
#...#######...##.####...#
#¤¤¤# #.gK5..# #...#
#000# #.5@##.# #...#
#¤00# #.####.###########
#...#######.#
#.#....<....#
.[.[..¤0....#
#.....#######
...(.0¤0..### ###.###
..?$.¤¤¤.## #.# #...#####
#.# #¤¤0# ### #000#


You could see Pikel, 2 lemures and Ijyb.

Vanquished Creatures
  A phantom (D:4)
  A lemure (D:4)
  An orc priest (D:3)
  An orc wizard (D:3)
  An adder (D:3)
  A worm (D:2)
  2 dart slugs (D:1)
  4 orcs (D:3)
  7 bats
  7 endoplasms
  3 giant cockroaches
  8 goblins
  3 hobgoblins
  10 kobolds
  3 quokkas
  7 ball pythons
  4 frilled lizards
  2 rats (D:3)
66 creatures vanquished.

Notes
Turn   | Place    | Note
-------+----------+-------------------------------------------
     0 | D:1      | qw the Minotaur Hunter began the quest for the Orb.
     0 | D:1      | Reached XP level 1. HP: 18/18 MP: 0/0
     0 | D:1      | 0 ||| qw: Version: 0.2-a-117-gc6b5c8b
     0 | D:1      | 0 ||| qw: Game counter: 2437
     0 | D:1      | 0 ||| qw: Always use a shield: true
     0 | D:1      | 0 ||| qw: God list: Okawaru
     0 | D:1      | 0 ||| qw: Allow faded altars: false
     0 | D:1      | 0 ||| qw: Do Orc after D:15 true
     0 | D:1      | 0 ||| qw: Do second Lair branch before Depths: true
     0 | D:1      | 0 ||| qw: Lair rune preference: random
     0 | D:1      | 0 ||| qw: Plans: Normal
     0 | D:1      | 0 ||| PLANNING D:1-11
   141 | D:1      | Reached XP level 2. HP: 25/25 MP: 1/1
   167 | D:1      | Reached skill level 5 in Ranged Weapons
   290 | D:1      | Reached skill level 3 in Fighting
   567 | D:1      | Reached XP level 3. HP: 31/31 MP: 2/2
   894 | D:1      | 894 ||| UPGRADING to +2 hat.
   899 | D:1      | 899 ||| UPGRADING to +0 ring mail.
   909 | D:1      | 909 ||| DROPPING +0 leather armour.
   910 | D:1      | 910 ||| UPGRADING to +0 cloak.
   915 | D:1      | 915 ||| UPGRADING to +0 pair of boots.
   920 | D:1      | 920 ||| UPGRADING to +0 pair of gloves.
   925 | D:1      | 925 ||| READING scroll labelled XEM OVVUAPI.
  1026 | D:1      | 1026 ||| READING scroll labelled NIUZXULEUSI.
  1027 | D:1      | 1027 ||| DRINKING 2 coppery potions.
  1028 | D:1      | 1028 ||| DROPPING scroll of butterflies.
  1029 | D:1      | 1029 ||| DROPPING potion of degeneration.
  1273 | D:2      | Reached skill level 1 in Armour
  1472 | D:2      | Found a faded altar of an unknown god.
  1568 | D:2      | 1568 ||| READING scroll labelled SET PUAPOTZ.
  1569 | D:2      | 1569 ||| READING scroll labelled NUMACEETOT.
  1570 | D:2      | 1570 ||| READING scroll labelled YSTRYJ BOIR.
  1571 | D:2      | 1571 ||| READING scroll labelled QUOLEIGO MOECS.
  1607 | D:3      | Reached skill level 6 in Ranged Weapons
  1607 | D:3      | Reached XP level 4. HP: 32/38 MP: 3/3
  1846 | D:3      | Reached XP level 5. HP: 45/45 MP: 4/4
  2188 | D:3      | 2188 ||| UPGRADING to +4 ring of slaying {mikee}.
  2189 | D:3      | 2189 ||| READING scroll labelled LERAOR LELA.
  2190 | D:3      | 2190 ||| READING scroll labelled DIWEREQ NAAMPY.
  2194 | D:3      | 2194 ||| READING scroll labelled NEAN ZEAPO PIL.
  2195 | D:3      | 2195 ||| DRINKING 2 amethyst potions.
  2196 | D:3      | 2196 ||| DRINKING 2 yellow potions.
  2219 | D:4      | Noticed Pikel
  2219 | D:4      | Noticed a lemure
  2219 | D:4      | Noticed a lemure
  2219 | D:4      | Noticed Ijyb
  2219 | D:4      | Noticed a phantom
  2221 | D:4      | Noticed a lemure
  2221 | D:4      | Noticed a lemure
  2225 | D:4      | Killed a phantom
  2228 | D:4      | 2228 ||| STAIRDANCE
  2228 | D:4      | Killed a lemure
  2231 | D:3      | HP: 7/47 [Pikel/+0 whip of electrocution (5)]
  2231 | D:3      | Slain by Pikel

Levels and vault maps discovered:
D:1:      wander_arrival_desolate, layout_basic, minmay_pentomino_o2
D:2:      layout_loops_ring, dreamdust_ecumenical_altar_statues,
          serial_bayou_pond_a, minmay_circle_x
D:3:      layout_basic, minmay_misc_feat_plants, lemuel_flame_loot_1
D:4:      layout_loops_ring, lemuel_coloured_pillars_altar,
          nicolae_figureground_pulse, uniq_pikel, uniq_ijyb

Skill      XL: |  1  2  3  4  5 |
---------------+----------------+-----
Ranged Weapons | 5 6 |  6.0
Fighting       | 3 4 |  4.7
Armour         | 1 2 |  2.6
Dodging        | |  2.1
Stealth        | |  0.7

Action                     |  1- 3 |  4- 6 || total
---------------------------+-------+-------++-------
   Fire: Shortbow          |   113 |    46 ||   159
    Use: Scroll            |     6 |     3 ||     9
         Potion            |     1 |     2 ||     3
 Armour: Leather armour    |     4 |       ||     4
         Ring mail         |     5 |    24 ||    29
  Dodge: Dodged            |    21 |    24 ||    45

Table legend:
 A = Non-vault XP
 B = Vault XP
 C = Vault XP percentage of total XP
 D = Non-vault monster count
 E = Vault monster count
 F = Vault count percentage of total count
                 A         B        C        D         E       F
            +---------+---------+-------+---------+---------+-------
      Total |     305 |       7 |   2.2 |      61 |       4 |   6.2
            +---------+---------+-------+---------+---------+-------
        D:1 |      55 |       4 |   6.8 |      29 |       2 |   6.5
        D:2 |      14 |       3 |  17.6 |       8 |       2 |  20.0
        D:3 |     127 |       0 |   0.0 |      23 |       0 |   0.0
        D:4 |     109 |       0 |   0.0 |       1 |       0 |   0.0
            +---------+---------+-------+---------+---------+-------
